Map: Orbital Shipyard

Players

Boblan - Winner!

  • Race: Protoss Protoss
  • League: Diamond

A.I. 1 (Very Easy)

  • Race: Terran Terran

VOD

Have the link to the VOD?

Description

Time

  • Played on: Jan. 2, 2016, 12:18 p.m.
  • Length: 6:12
Show
View Real Time Build Order
Export as new Build Order

Boblan Protoss - Winner!

Build Orders: 1 Gate Expand 

Get SALT Encoding   

  12  0:01  Probe (Chrono Boost)  
  13  0:12  Probe (Chrono Boost)  
  14  0:17  Pylon  
  14  0:22  Probe (Chrono Boost)  
  15  0:36  Probe (Chrono Boost)  
  15  0:38  Gateway  
  16  0:43  Assimilator  
  16  0:46  Probe (Chrono Boost)  
  18  0:57  Probe (Chrono Boost)  
  18  1:07  Probe (Chrono Boost)  
  19  1:18  Probe (Chrono Boost)  
  20  1:24  Nexus  
  20  1:32  Cybernetics Core  
  20  1:35  Probe (Chrono Boost)  
  21  1:41  Assimilator  
  21  1:48  Pylon  
  21  1:50  Probe (Chrono Boost)  
  22  2:09  Adept  
  22  2:11  Mothership Core (Chrono Boost)  
  22  2:15  Warp Gate  
  26  2:29  Probe (Chrono Boost)  
  27  2:36  Probe (Chrono Boost)  
  28  2:40  Probe (Chrono Boost)  
  28  2:41  Adept  
  31  2:46  Twilight Council  
  31  2:47  Probe (Chrono Boost)  
  31  2:50  Probe (Chrono Boost)  
  33  2:57  Probe (Chrono Boost)  
  33  2:58  Robotics Facility  
  34  3:02  Probe (Chrono Boost)  
  35  3:08  Probe (Chrono Boost), Adept  
  35  3:12  Probe (Chrono Boost)  
  39  3:18  Probe (Chrono Boost)  
  40  3:31  Probe (Chrono Boost)  
  39  3:34  Resonating Glaives (Chrono Boost)  
  39  3:35  Probe (Chrono Boost), Adept  
  39  3:40  Pylon x2  
  42  3:43  Pylon  
  42  3:48  Warp Prism  
  42  3:52  Probe (Chrono Boost)  
  45  4:03  Gateway, Adept  
  45  4:04  Gateway  
  45  4:08  Gateway  
  47  4:11  Probe  
  47  4:14  Assimilator  
  47  4:15  Probe  
  49  4:23  Probe  
  50  4:27  Probe  
  51  4:34  Observer  
  51  4:36  Probe  
  53  4:39  Probe  
  53  4:45  Pylon  
  54  4:48  Probe  
  54  4:51  Probe  
  56  5:00  Probe  
  57  5:08  Probe  
  57  5:11  Adept x4  
  57  5:12  Nexus  
  57  5:13  Pylon  
  66  5:26  Probe x2  
  68  5:33  Observer, Forge  
  68  5:34  Templar Archives  
  68  5:37  Pylon  
  68  5:38  Probe  
  70  5:43  Probe  
  70  5:45  Adept x3  
  77  5:50  Probe  
  77  5:51  Pylon  
  77  5:55  Pylon  
  77  5:56  Probe, Assimilator  
  79  6:02  Forge  
  79  6:04  Pylon  
  79  6:08  Pylon  
Show
View Real Time Build Order
Export as new Build Order

A.I. 1 (Very Easy) Terran 

Build Orders:  

Get SALT Encoding   

  12  0:00  SCV  
  13  0:13  SCV  
  14  0:19  Supply Depot  
  14  0:37  Refinery  
  14  0:46  Barracks  
  14  1:04  Supply Depot  
  14  1:12  Refinery  
  14  1:33  Marine  
  14  1:34  Orbital Command  
  15  1:52  Barracks Tech Lab  
  15  1:59  SCV  
  16  2:11  SCV  
  17  2:16  Marine  
  18  2:23  SCV  
  19  2:35  SCV  
  20  2:47  SCV  
  21  2:59  SCV  
  21  3:00  Marauder  
  24  3:21  SCV  
  23  3:33  SCV  
  22  3:40  Marauder  
  24  3:43  Supply Depot  
  24  3:49  SCV  
  22  4:09  Marauder  
  24  4:38  Marauder  
  26  5:18  Marauder  
  26  5:19  SCV  
  22  5:31  SCV  
  14  5:43  SCV  
  14  5:47  Marauder  
  11  5:55  SCV  
Tags
 
Add a new tag
Caveats
  • Supply blocks, unpowered buildings, or Contaminate may cause inaccurate times.
  • Supply counts are checked every 10 seconds.